Map: Cerulean Fall LE

Players

LiquidMaNa (MaNa)

  • Race: Protoss Protoss
  • League: Grandmaster
  • Spawn Location: 1:00

Special - Winner!

  • Race: Terran Terran
  • League: Master
  • Spawn Location: 7:00

Event: IEM Season 13 - Katowice Server Qualifiers Europe

VOD

Have the link to the VOD?

Description

Time

  • Played on: Jan. 8, 2019, 9:25 a.m.
  • Length: 11:47

All games in this series

Show
View Real Time Build Order
Export as new Build Order

LiquidMaNa Protoss 

Build Orders: 1 Gate Expand, Phoenix Opening, Blink Stalkers, Chargelot Immortal 

Get SALT Encoding   

  12  0:00  Probe  
  13  0:13  Probe  
  14  0:20  Pylon  
  14  0:24  Probe  
  15  0:34  Probe  
  15  0:39  Gateway  
  16  0:44  Probe  
  16  0:48  Assimilator  
  17  0:54  Probe  
  18  1:02  Probe  
  18  1:11  Probe  
  20  1:26  Nexus  
  20  1:38  Cybernetics Core  
  20  1:40  Probe  
  21  1:47  Assimilator  
  21  1:53  Probe  
  22  1:56  Pylon  
  22  2:04  Stalker  
  22  2:05  Probe  
  25  2:17  Probe, Warp Gate  
  26  2:29  Probe  
  27  2:35  Sentry  
  29  2:41  Probe  
  29  2:42  Pylon  
  29  2:46  Probe  
  29  2:48  Twilight Council  
  29  2:53  Probe  
  29  2:54  Probe  
  31  3:01  Stalker  
  31  3:04  Probe  
  31  3:05  Probe  
  34  3:09  Phoenix  
  35  3:14  Blink  
  35  3:16  Probe  
  35  3:17  Probe  
  37  3:28  Probe  
  37  3:29  Probe  
  37  3:33  Gateway  
  39  3:37  Gateway  
  39  3:40  Probe  
  40  3:41  Probe  
  40  3:46  Pylon  
  41  3:53  Probe  
  41  3:54  Probe  
  43  4:05  Probe  
  43  4:06  Robotics Facility, Probe  
  45  4:15  Assimilator  
  46  4:17  Probe, Pylon  
  46  4:18  Probe  
  46  4:24  Stalker, Shield Battery  
  47  4:28  Stalker  
  51  4:31  Stalker  
  51  4:32  Probe  
  51  4:35  Probe  
  55  4:39  Pylon  
  55  4:47  Observer  
  55  4:48  Stalker  
  55  4:51  Assimilator  
  57  4:53  Stalker  
  57  4:54  Stalker  
  57  4:57  Probe x2  
  64  5:02  Shield Battery  
  64  5:04  Observer  
  64  5:05  Charge  
  64  5:11  Pylon  
  65  5:19  Nexus  
  65  5:22  Probe  
  65  5:25  Pylon  
  66  5:29  Sentry  
  66  5:33  Probe  
  66  5:34  Probe  
  70  5:38  Robotics Bay  
  70  5:45  Probe  
  70  5:53  Stalker x3  
  76  5:58  Immortal  
  76  6:20  Zealot x3  
  83  6:31  Pylon x2  
  82  6:35  Gateway  
  78  6:41  Zealot x3  
  78  6:43  Immortal  
  82  6:49  Observer  
  70  7:01  Stalker x3  
  66  7:04  Gateway  
  66  7:07  Pylon  
  66  7:13  Immortal  
  68  7:24  Zealot x3  
  74  7:30  Gateway  
  74  7:31  Cybernetics Core  
  74  7:32  Zealot  
  74  7:33  Gateway  
  76  7:37  Observer  
  76  7:44  Observer  
  76  7:47  Zealot x2  
  80  7:52  Immortal  
  80  7:53  Zealot  
  86  8:01  Zealot  
  68  8:12  Stalker x2  
  68  8:13  Stalker  
  74  8:21  Zealot  
  74  8:33  Stalker  
  74  8:34  Stalker x3  
  82  8:43  Zealot  
  82  8:45  Zealot  
  86  8:53  Observer  
  72  9:10  Observer  
  72  9:11  Nexus  
  72  9:16  Sentry x2  
  76  9:19  Observer  
  76  9:25  Stalker x2  
  81  9:34  Colossus  
  79  9:42  Robotics Facility  
  82  9:54  Extended Thermal Lance  
  82  9:55  Probe x2  
  82  10:07  Probe x2  
  84  10:15  Colossus  
  84  10:19  Probe x2  
  84  10:20  Colossus  
  86  10:25  Observer  
  98  10:37  Probe x2  
  98  10:38  Probe  
  101  10:45  Probe  
  101  10:48  Zealot x2  
  102  11:03  Stalker x4  
  74  11:27  Zealot x5  
Show
View Real Time Build Order
Export as new Build Order

Special Terran - Winner!

Build Orders: Reaper Expand 

Get SALT Encoding   

  12  0:01  SCV  
  13  0:13  SCV  
  14  0:18  Supply Depot  
  14  0:25  SCV  
  15  0:39  SCV  
  15  0:41  Barracks  
  16  0:44  Refinery  
  16  0:51  SCV  
  17  1:03  SCV  
  18  1:15  SCV  
  19  1:30  Reaper, Orbital Command  
  20  1:45  Command Center  
  20  1:54  Supply Depot  
  20  1:57  SCV  
  21  2:02  Marine  
  22  2:09  Factory  
  22  2:13  SCV  
  23  2:17  Refinery  
  23  2:23  Barracks Reactor  
  23  2:26  SCV  
  24  2:38  SCV  
  25  2:50  SCV  
  25  2:53  Widow Mine  
  25  2:58  Orbital Command  
  27  3:01  Marine  
  27  3:02  Marine, SCV, Starport  
  30  3:14  SCV  
  30  3:15  Factory Tech Lab  
  30  3:19  Marine x2  
  32  3:24  SCV  
  32  3:26  SCV  
  34  3:36  SCV  
  34  3:37  Marine x2  
  34  3:38  SCV  
  34  3:39  Starport Tech Lab  
  38  3:48  SCV, Siege Tank  
  38  3:49  Supply Depot  
  38  3:50  SCV  
  38  3:52  Refinery  
  43  4:01  SCV  
  44  4:04  SCV  
  44  4:06  Marine  
  44  4:09  Cloaking Field  
  46  4:10  Marine, Banshee  
  46  4:11  Supply Depot  
  46  4:13  SCV  
  46  4:16  SCV  
  52  4:19  Supply Depot  
  52  4:24  Marine  
  52  4:25  SCV  
  54  4:32  Marine  
  54  4:33  SCV, Siege Tank  
  54  4:36  Supply Depot  
  54  4:37  SCV  
  60  4:42  Marine  
  60  4:44  Supply Depot  
  60  4:45  SCV  
  62  4:49  SCV  
  62  4:50  Marine  
  64  4:53  Banshee  
  64  4:58  Supply Depot  
  67  5:00  Marine  
  67  5:02  SCV  
  67  5:04  SCV  
  67  5:05  Siege Tank  
  73  5:08  Marine  
  73  5:12  Supply Depot  
  74  5:18  Marine  
  74  5:21  SCV  
  76  5:23  Supply Depot  
  76  5:24  SCV  
  76  5:26  Marine  
  78  5:33  SCV  
  79  5:36  Marine  
  79  5:38  Siege Tank  
  83  5:43  Banshee  
  83  5:44  Marine  
  83  5:47  SCV x2  
  89  5:53  Marine  
  84  5:59  SCV x2  
  84  6:01  Marine  
  87  6:10  Siege Tank  
  90  6:11  Marine, SCV  
  90  6:13  SCV  
  90  6:14  Command Center  
  91  6:19  Marine  
  91  6:23  SCV  
  93  6:28  SCV  
  93  6:29  Marine  
  93  6:31  Banshee  
  98  6:34  Supply Depot  
  98  6:35  Supply Depot  
  98  6:36  SCV  
  98  6:37  Marine  
  96  6:42  Siege Tank  
  96  6:45  SCV  
  96  6:46  Supply Depot  
  99  6:47  Marine  
  93  6:55  Marine  
  93  7:00  SCV  
  92  7:05  Marine  
  93  7:13  Marine  
  93  7:14  Banshee  
  97  7:18  Barracks x2  
  97  7:20  SCV  
  98  7:22  Marine  
  98  7:25  Bunker  
  99  7:30  Marine, Bunker  
  99  7:32  Orbital Command  
  100  7:40  Marine, SCV x2  
  103  7:48  Marine  
  100  7:54  Siege Tank  
  100  7:57  SCV, Banshee  
  100  7:58  Marine  
  106  8:00  Bunker  
  106  8:02  SCV  
  104  8:06  Marine  
  104  8:09  SCV  
  98  8:13  SCV  
  98  8:15  SCV  
  98  8:16  Marine  
  98  8:18  Barracks Tech Lab  
  98  8:19  Barracks Tech Lab  
  100  8:20  Barracks  
  100  8:21  SCV  
  100  8:22  Barracks  
  100  8:24  Marine  
  100  8:25  Engineering Bay  
  100  8:26  Refinery, Engineering Bay  
  102  8:27  SCV x2  
  102  8:34  Marine, Siege Tank  
  111  8:42  Marine  
  111  8:45  Marine x2, Combat Shield  
  111  8:46  Stimpack  
  107  8:51  Marine  
  107  8:52  Starport Reactor  
  107  8:54  SCV  
  105  8:59  Marine  
  95  9:06  Marine x2  
  95  9:09  Marine, Terran Infantry Armor Level 1, Terran Infantry Weapons Level 1  
  86  9:13  Barracks Reactor  
  86  9:17  Marine  
  86  9:21  Factory Reactor  
  86  9:23  Marauder, Supply Depot x2  
  89  9:24  Marine, Concussive Shells  
  89  9:25  Marauder  
  89  9:27  Marine  
  89  9:29  Medivac x2  
  97  9:35  Marine  
  95  9:42  Marauder  
  95  9:44  Marauder  
  95  9:45  Marine  
  100  9:46  Orbital Command  
  100  9:49  Marine  
  100  9:50  Marine  
  100  9:52  Marauder  
  104  9:53  Marine  
  104  9:59  Medivac x2  
  109  10:01  Supply Depot  
  109  10:03  Marine  
  109  10:04  Marauder  
  109  10:06  Marauder  
  114  10:07  Marine x2  
  114  10:11  Marine, Widow Mine x2  
  114  10:12  Missile Turret  
  121  10:18  Marauder  
  121  10:21  Marine  
  124  10:27  SCV x2  
  126  10:29  Marine, Medivac x2  
  126  10:31  Refinery  
  126  10:32  Widow Mine x2, Supply Depot  
  126  10:35  Refinery  
  135  10:38  Marine x2  
  135  10:39  SCV  
  138  10:44  Armory  
  138  10:49  Marine x2  
  140  10:51  Marauder x2  
  140  10:54  Widow Mine x2  
  146  10:59  SCV x2  
  147  11:08  Marine x2  
  147  11:09  Marine x2  
  147  11:10  Marauder  
  150  11:13  Marauder  
  150  11:15  Widow Mine x2  
  126  11:26  Marine x2, Marauder  
  123  11:35  SCV x2  

Tags
 
Add a new tag
Caveats
  • Supply blocks, unpowered buildings, or Contaminate may cause inaccurate times.
  • Supply counts are checked every 10 seconds.